 Dungeon Crawl Stone Soup version 0.29-a0-338-g1ff7896281 (webtiles) character file.

Game seed: 194004143880637343

3817 spaghetti the Nimble (level 9, -10/102 HPs)
             Began as a Deep Dwarf Necromancer on Apr 17, 2022.
             Was a Priest of Cheibriados.
             Mangled by an orc warlord
             ... wielding a +0 war axe
              (30 damage)
             ... in a bailey.
             The game lasted 00:19:08 (8489 turns).

spaghetti the Nimble (Deep Dwarf Necromancer)       Turns: 8489, Time: 00:19:09

Health: -10/102    AC:  8    Str: 23    XL:     9   Next: 97%
Magic:  18/18      EV: 16    Int: 30    God:    Cheibriados [***...]
Gold:   440        SH: 14    Dex: 21    Spells: 10/20 levels left

rFire   . . .      SeeInvis +   B - +8 rapier of the Summoning Gods {spect, SInv, short}
rCold   . . .      Faith    .   s - +3 kite shield of Protective Custody {Str+2 Int+3}
rNeg    + . .      Spirit   .   u - +2 robe {Will+}
rPois   .          Reflect  .   (no helmet)
rElec   .          Harm     .   (no cloak)
rCorr   .          Rampage  .   (no gloves)
Will    ++...                   (no boots)
Stlth   ..........              E - amulet of magic regeneration {@e2}
HPRegen 0.00/turn               m - +4 ring of protection
MPRegen 0.56/turn               p - ring of positive energy

@: berserking, very slow
A: damage resistance, heal wounds, sense surroundings 2, no regeneration
a: Heal Wounds, Renounce Religion, Bend Time, Temporal Distortion


You were in a bailey.
You worshipped Cheibriados.
Cheibriados was most pleased with you.
You visited 2 branches of the dungeon, and saw 9 of its levels.
You also visited: Bailey.

You collected 440 gold pieces.


Innate Abilities, Weirdness & Mutations

You are resistant to damage.
You can heal yourself by infusing magical energy.
You passively map the area around you.
You do not regenerate.


   Skills:
 * Level 2.4 Short Blades
 + Level 5.5 Armour
 * Level 8.1 Dodging
 * Level 4.6 Stealth
 * Level 4.8 Shields
 * Level 6.1 Spellcasting
 + Level 7.0 Necromancy
 + Level 2.9 Transmutations


You had 10 spell levels left.
You knew the following spells:

 Your Spells              Type           Power      Damage    Failure   Level
a - Pain                  Necr           100%       1d9       1%          1
b - Vampiric Draining     Necr           51%        2d9       2%          3
c - Animate Dead          Necr           25%        N/A       9%          4
d - Wereblood             Tmut           26%        N/A       7%          2

Your spell library contained the following spells:

 Spells                   Type           Power      Damage    Failure   Level
 Animate Skeleton         Necr           100%       N/A       1%          1
 Beastly Appendage        Tmut           52%        N/A       4%          1
 Passwall                 Tmut/Erth      15%        N/A       12%         2
 Magic Dart               Conj           36%        1d4       16%         1
 Ensorcelled Hibernation  Hex/Ice        18%        N/A       22%         2
 Searing Ray              Conj           18%        2d5       22%         2
 Agony                    Necr           51%        N/A       22%         5
 Spider Form              Tmut/Pois      18%        N/A       24%         3
 Swiftness                Air            9%         N/A       41%         3
 Fulminant Prism          Conj/Hex       4%         3d6       83%         4
 Borgnjor's Revivificati  Necr           25%        N/A       100%        8
 Necromutation            Tmut/Necr      19%        N/A       100%        8
 Death's Door             Necr           25%        N/A       100%        9

Inventory:

Hand Weapons
 f - a +0 whip {mace}
   (You took it off a kobold on level 1 of the Dungeon)
 n - a +2 short sword of venom {short}
   (You took it off an orc on level 3 of the Dungeon)
 B - the +8 rapier of the Summoning Gods (weapon) {spect, SInv, short}
   (You found it on level 8 of the Dungeon)

   When its wielder attacks, the weapon's spirit leaps out and strikes again.
   The spirit shares a part of any damage it takes with its wielder.
   SInv:      It lets you see invisible.
 C - a +0 great mace {mace}
   (You took it off a gnoll on level 8 of the Dungeon)
 D - a +1 short sword of holy wrath {short}
   (You took it off a kobold on level 9 of the Dungeon)
Missiles
 c - 295 stones (quivered) {throwing}
 k - 12 poisoned darts {throwing}
 o - 17 boomerangs {throwing}
 v - 2 datura-tipped darts {forbiddenthrowing}
Armour
 s - the +3 kite shield of Protective Custody (worn) {Str+2 Int+3}
   (You acquired it on level 4 of the Dungeon)

   Str:       It affects your strength (+2).
   Int:       It affects your intelligence (+3).
 u - a +2 robe of willpower (worn)
   (You took it off an orc wizard on level 5 of the Dungeon)
 z - the +0 scale mail of the Game of Life {rF++ rC+ rN+}
   (You found it on level 7 of the Dungeon)

   rF:        It greatly protects you from fire.
   rC:        It protects you from cold.
   rN:        It protects you from negative energy.
Magical Staves
 w - a staff of air {!astaff}
   (You found it on level 5 of the Dungeon)
Jewellery
 m - a +4 ring of protection (left hand)
   (You found it on level 3 of the Dungeon)
 p - a ring of positive energy (right hand)
   (You found it on level 3 of the Dungeon)
 x - a ring of positive energy
   (You found it on level 5 of the Dungeon)
 E - an amulet of magic regeneration (around neck) {@e2}
   (You took it off a kobold on level 9 of the Dungeon)
Wands
 r - a wand of iceblast (5)
   (You found it on level 4 of the Dungeon)
Scrolls
 a - 3 scrolls of magic mapping {!r}
 e - 5 scrolls of teleportation {@r4}
 q - 3 scrolls of enchant armour
 y - a scroll of immolation {!r!r}
Potions
 b - a potion of magic
 g - a potion of might
 h - 4 potions of curing {@q1}
 i - a potion of heal wounds {@q2}
 j - a potion of haste {@q3}
 l - a potion of berserk rage {!q}
 t - 2 potions of brilliance
 F - 2 potions of flight
 G - 2 potions of haste {forbidden@q3}
 H - a potion of resistance {unknown}
 I - a potion of mutation {unknown}

Dungeon Overview and Level Annotations

Branches:
Dungeon (9/15)             Temple (1/1) D:4          Bailey (1/1)
   Lair: D:8-11         Orc: D:9-12

Altars:
Cheibriados
Dithmenos
Hepliaklqana
Nemelex Xobeh
Okawaru
Ru
Yredelemnul
The Shining One

Shops:
D:4 (

Annotations:
D:7 2 runed translucent doors
D:8 3 runed translucent doors, Psyclone's ghost, novice OpIE

##......####≈≈≈#≈≈≈##..
##.....#≈≈#≈.....[≈#..
##....#≈........?≈#..
#...##≈8.8...8.8##.)
#...'≈≈...(.....#...
#...'≈≈....∩....#...
#.§§§≈≈.........#...
#§§o##≈8.8...8.8##..
##§§@(#≈........!≈#..
##.§§§§#≈≈#≈.....|≈#..
##...§§§####≈≈≈#≈≈≈##..
#...8......#########...
#.........)).....'....8
#........).#)≈)≈≈#.....
##..8..8...#≈≈≈≈≈#.....
##.......##≈≈≈≈≈##...8
##.....##.......##...


You could see an orc warlord and a friendly +8 rapier of the Summoning Gods
{spect, SInv, short} (summoned).


Message History

An orc warlord is nearby!
Throw: 15 darts (poison) {throwing}
Press: ? - help, Shift-Dir - straight line, f - orc warlord
Aim: an orc warlord, wielding a +0 war axe and wearing a +0 chain mail (69% to hit)
You throw a poisoned dart {throwing}.
The poisoned dart {throwing} hits the orc warlord.
The orc warlord is poisoned.
Throw: 14 darts (poison) {throwing}
Press: ? - help, Shift-Dir - straight line, f/p - orc warlord
Aim: an orc warlord, wielding a +0 war axe and wearing a +0 chain mail (lightly wounded, poisoned, 69% to hit)
You throw a poisoned dart {throwing}.
The poisoned dart {throwing} hits the orc warlord.
Throw: 13 darts (poison) {throwing}
Press: ? - help, Shift-Dir - straight line, f/p - orc warlord
Aim: an orc warlord, wielding a +0 war axe and wearing a +0 chain mail (lightly wounded, poisoned, 69% to hit)
You throw a poisoned dart {throwing}.
The poisoned dart {throwing} hits the orc warlord.
The orc warlord looks even sicker.
Aiming: Iceblast
Press: ? - help, Shift-Dir - straight line, f/p - orc warlord
Aim: an orc warlord, wielding a +0 war axe and wearing a +0 chain mail (lightly wounded, very poisoned)
The mass of ice explodes!
The iceblast engulfs the orc warlord.
Aiming: Iceblast
Press: ? - help, Shift-Dir - straight line, f/p - orc warlord
Aim: an orc warlord, wielding a +0 war axe and wearing a +0 chain mail (lightly wounded, very poisoned)
The mass of ice explodes!
The iceblast engulfs the orc warlord!
The flow of time bends around you.
The orc warlord easily resists.
The orc warlord hits you with a +0 war axe!! 😕 HP[-16] MP[-3]
You take 16 damage, and now have 52/68 hp.
MASSIVE DAMAGE!! (PAUSE)
You lost 3 mp, and now have 15/18 mp.
Unknown command.
The flow of time bends around you.
The orc warlord easily resists.
You block the orc warlord's attack. 😕 MP[-2]
You lost 2 mp, and now have 13/18 mp.
As you read the scroll labelled YQEIREA ZIKHUXIM, it crumbles to dust.
It is a scroll of amnesia.
Really abort (and waste the scroll)?
Okay, then.
The orc warlord hits you with a +0 war axe! 😮 HP[-5]
You take 5 damage, and now have 47/68 hp.
As you read the scroll labelled WIVEPA AFRA, it crumbles to dust.
The scroll dissolves into smoke.
It was a scroll of fog.
The orc warlord hits you with a +0 war axe!!
* * * LOW HITPOINT WARNING * * *
😨 HP[-28] MP[+1]
You take 28 damage, and now have 19/68 hp.
MASSIVE DAMAGE!! (PAUSE) Unknown command.
Unknown command.
You feel much better.
The orc warlord hits you with a +0 war axe. 😮 HP[+17]
You regained 17 hp, and now have 36/68 hp.
Really quaff
l - 2 potions of berserk rage {!q}?
A red film seems to cover your vision as you go berserk!
Cheibriados forces you to slow down.
You feel mighty!
The orc warlord barely misses you. 😮 HP[+19] MP[+1]
You now have 102 max hp (+34).
You regained 19 hp, and now have 55/102 hp.
You closely miss the orc warlord.
Your +8 rapier of the Summoning Gods {spect, SInv, short} hits the orc warlord!
The orc warlord complains loudly, in orcish tradition.
The orc warlord hits you with a +0 war axe!
* * * LOW HITPOINT WARNING * * *
The orc warlord hits your +8 rapier of the Summoning Gods {spect, SInv, short} with a +0 war axe!
Your spectral weapon shares its damage with you!
* * * LOW HITPOINT WARNING * * *
😨 HP[-18] MP[+1]
You take 18 damage, and now have 37/102 hp.
You barely miss the orc warlord.
Your +8 rapier of the Summoning Gods {spect, SInv, short} hits the orc warlord but does no damage.
You block the orc warlord's attack.
You barely miss the orc warlord.
Your +8 rapier of the Summoning Gods {spect, SInv, short} hits the orc warlord.
You block the orc warlord's attack.
The orc warlord barely misses your +8 rapier of the Summoning Gods {spect, SInv, short}. 😨 MP[+1]
You hit the orc warlord.
Your +8 rapier of the Summoning Gods {spect, SInv, short} hits the orc warlord!
The orc warlord looks more healthy.
The orc warlord misses your +8 rapier of the Summoning Gods {spect, SInv, short}.
The orc warlord hits you with a +0 war axe!!
* * * LOW HITPOINT WARNING * * *
The orc warlord hits your +8 rapier of the Summoning Gods {spect, SInv, short} with a +0 war axe!
Your spectral weapon shares its damage with you!
You block the orc warlord's attack.
* * * LOW HITPOINT WARNING * * *
😱 HP[-17] MP[+1]
You take 17 damage, and now have 20/102 hp.
Your mp is fully restored (18).
Unknown command.
You puncture the orc warlord!
Your +8 rapier of the Summoning Gods {spect, SInv, short} hits the orc warlord!
The orc warlord hits you with a +0 war axe!!
You die...

Skill      XL: |  1  2  3  4  5  6  7  8  9 |
---------------+----------------------------+-----
Armour         | 1 2 4 5 |  5.5
Spellcasting   | 2 3 4 5 6 |  6.1
Dodging        | 3 4 6 7 8 |  8.1
Necromancy     | 5 6 7 |  7.0
Shields        | 3 4 |  4.8
Transmutations | 1 2 |  2.9
Stealth        | 4 |  4.6
Short Blades   | 2 |  2.4

Action                   |  1- 3 |  4- 6 |  7- 9 || total
-------------------------+-------+-------+-------++-------
Melee: Unarmed           |    28 |       |       ||    28
       Whip              |    12 |    15 |       ||    27
       Short sword       |       |    35 |    60 ||    95
       Punch             |       |     1 |       ||     1
       Rapier            |       |       |    81 ||    81
Throw: Stone             |    17 |    39 |    24 ||    80
       Dart              |       |       |     7 ||     7
       Boomerang         |       |       |     3 ||     3
 Cast: Pain              |    57 |    43 |    38 ||   138
       Vampiric Draining |     6 |    25 |    46 ||    77
       Animate Dead      |       |     2 |     4 ||     6
       Wereblood         |       |       |    11 ||    11
Invok: Bend Time         |       |       |     2 ||     2
Evoke: Wand              |       |     4 |     2 ||     6
  Use: Potion            |       |     3 |     2 ||     5
       Scroll            |       |       |    11 ||    11
 Stab: Distracted        |       |       |     1 ||     1
Armor: Robe              |    27 |    29 |    36 ||    92
Dodge: Dodged            |    51 |    61 |    65 ||   177
Block: Kite shield       |       |       |    94 ||    94

Levels and vault maps discovered:
D:1:      dpeg_arrival_signposts, layout_basic
D:2:      layout_loops_ring, minmay_misc_feat_tiny, dk_vineyard_3, st_stairs_2,
          kennysheep_generic_room_11
D:3:      layout_basic, guppyfry_early_orc_mine
D:4:      layout_cave_pools, general_overflow_altar,
          minmay_temple_entry_nine_rooms, serial_shops, nicolae_shop_waterfront
D:5:      layout_rooms, uniq_prince_ribbit1
D:7:      layout_rooms, jmf_multi_god_temple2
D:8:      layout_loops_ring, gammafunk_ghost_necromancy, item_on_display_b
D:9:      layout_big_octagon, nicolae_overflow_crystal_walls, enter_bailey_3,
          lightli_wizard_tower
Temple:   minmay_temple_curvy_branch
Bailey:   bailey_axe_bossmonster_kennysheep, bailey

Notes
Turn   | Place    | Note
-------+----------+-------------------------------------------
     0 | D:1      | spaghetti the Deep Dwarf Necromancer began the quest for
                  | the Orb.
     0 | D:1      | Reached XP level 1. HP: 15/15 MP: 3/3
     0 | D:1      | magus.rc [v1.9.6]
   336 | D:1      | Reached skill level 1 in Armour
   336 | D:1      | Reached XP level 2. HP: 20/22 MP: 1/4
   472 | D:1      | Reached skill level 2 in Spellcasting
  1205 | D:2      | Reached XP level 3. HP: 24/28 MP: 1/6
  1499 | D:2      | Learned a level 3 spell: Vampiric Draining
  2069 | D:3      | Reached skill level 3 in Dodging
  2183 | D:3      | Reached skill level 2 in Armour
  2183 | D:3      | Reached XP level 4. HP: 25/36 MP: 0/7
  2815 | D:3      | You add the spells Borgnjor's Revivification, Necromutation
                  | and Death's Door to your library.
  3454 | D:4      | Noticed an ogre
  3462 | D:4      | HP: 8/36 [ogre/+0 giant club (27)]
  3464 | D:4      | Killed an ogre
  3465 | D:4      | Reached skill level 4 in Dodging
  3465 | D:4      | Reached skill level 3 in Spellcasting
  3465 | D:4      | Reached XP level 5. HP: 20/42 MP: 2/9
  3535 | D:4      | You pick up a book of Burglary and begin reading...
  3535 | D:4      | You add the spells Passwall, Ensorcelled Hibernation and
                  | Swiftness to your library.
  3566 | D:4      | Reached skill level 5 in Necromancy
  3746 | D:4      | Reached XP level 6. HP: 21/49 MP: 0/10
  3832 | D:4      | Learned a level 4 spell: Animate Dead
  4036 | D:4      | Found Jughaly's Weapon Shop.
  4183 | D:4      | Reached skill level 3 in Armour
  4399 | D:4      | Found a staircase to the Ecumenical Temple.
  4465 | D:4      | Found an iron altar of Okawaru.
  4552 | Temple   | Entered the Ecumenical Temple
  4646 | Temple   | Became a worshipper of Cheibriados the Contemplative
  4787 | D:5      | Entered Level 5 of the Dungeon
  4883 | D:5      | Noticed a two-headed ogre
  5020 | D:5      | Noticed Prince Ribbit
  5026 | D:4      | Reached skill level 5 in Dodging
  5093 | D:5      | Killed a two-headed ogre
  5094 | D:5      | Reached skill level 4 in Armour
  5094 | D:5      | Reached skill level 6 in Dodging
  5094 | D:5      | Reached skill level 4 in Spellcasting
  5094 | D:5      | Reached XP level 7. HP: 37/55 MP: 1/14
  5094 | D:5      | Reached XP level 8. HP: 42/62 MP: 1/15
  5164 | D:4      | Identified a scroll of acquirement
  5167 | D:4      | Acquired the +3 kite shield of Protective Custody {Str+2
                  | Int+3}
  5179 | D:5      | Reached skill level 6 in Necromancy
  5250 | D:5      | Killed Prince Ribbit
  5251 | D:5      | Reached skill level 1 in Shields
  5251 | D:5      | Reached skill level 5 in Spellcasting
  5491 | D:5      | Reached skill level 2 in Shields
  5531 | D:5      | Reached * piety under Cheibriados
  5654 | D:5      | You pick up a book of Changes and begin reading...
  5654 | D:5      | You add the spells Beastly Appendage, Wereblood and Spider
                  | Form to your library.
  5678 | D:5      | Learned a level 2 spell: Wereblood
  5764 | D:5      | You fall into a shaft and drop 3 floors!
  6049 | D:7      | Reached skill level 7 in Dodging
  6098 | D:7      | Reached skill level 1 in Transmutations
  6204 | D:7      | Reached skill level 3 in Shields
  6279 | D:7      | Identified the +0 scale mail of the Game of Life {rF++ rC+
                  | rN+}
  6311 | D:7      | Found a large runed translucent door.
  6311 | D:7      | Found a large runed translucent door.
  6543 | D:7      | Reached skill level 5 in Armour
  6543 | D:7      | Gained mutation: You passively map the area around you.
                  | [Deep Dwarf growth]
  6543 | D:7      | Reached XP level 9. HP: 61/68 MP: 5/17
  6714 | D:7      | Reached skill level 2 in Transmutations
  7051 | D:8      | Identified the +8 rapier of the Summoning Gods {spect,
                  | SInv}
  7304 | D:8      | Reached ** piety under Cheibriados
  7370 | D:8      | You pick up a book of Conjurations {@e2} and begin
                  | reading...
  7370 | D:8      | You add the spells Magic Dart, Searing Ray and Fulminant
                  | Prism to your library.
  7496 | D:8      | Found a runed translucent gate.
  7496 | D:8      | Found a runed translucent gate.
  7496 | D:8      | Found a runed translucent gate.
  7673 | D:8      | Reached skill level 3 in Stealth
  7784 | D:8      | Noticed Psyclone's ghost (novice OpIE)
  7820 | D:9      | Reached skill level 4 in Shields
  7821 | D:9      | Reached skill level 1 in Short Blades
  7916 | D:9      | Found a hazy altar of Hepliaklqana.
  7943 | D:9      | Noticed a troll
  7951 | D:9      | Killed a troll
  8056 | D:9      | Reached skill level 6 in Spellcasting
  8091 | D:9      | Found a flagged portal.
  8102 | D:9      | Reached skill level 4 in Stealth
  8108 | Bailey   | Entered a bailey
  8113 | Bailey   | Noticed an orc warlord
  8120 | Bailey   | Reached *** piety under Cheibriados
  8178 | Bailey   | Noticed an orc knight
  8189 | Bailey   | Reached skill level 2 in Short Blades
  8197 | Bailey   | Killed an orc knight
  8198 | Bailey   | Reached skill level 8 in Dodging
  8198 | Bailey   | Reached skill level 7 in Necromancy
  8263 | Bailey   | Found a runed translucent gate.
  8264 | Bailey   | Found a runed translucent gate.
  8265 | Bailey   | Found a runed translucent gate.
  8488 | Bailey   | HP: 23/102 [orc warlord/+0 war axe (14)]
  8489 | Bailey   | Mangled by an orc warlord

Vanquished Creatures
  A two-headed ogre (D:5)
  A troll (D:9)
  Prince Ribbit (D:5)
  A water moccasin (D:9)
  3 ice beasts
  2 sky beasts (D:7)
  A black bear (D:7)
  3 orc warriors
  An ogre (D:4)
  3 centaurs
  A kobold brigand (D:9)
  A bullfrog (D:8)
  A gnoll sergeant (D:8)
  2 scorpions
  4 killer bees (D:9)
  A howler monkey (D:7)
  4 hounds
  An orc priest (D:7)
  An iguana (D:5)
  4 orc wizards
  15 gnolls
  5 adders
  A white imp (D:7)
  3 dart slugs
  24 orcs
  4 ball pythons
  4 endoplasms
  7 giant cockroaches
  11 goblins
  9 hobgoblins
  7 quokkas
  7 bats
  2 frilled lizards (D:3)
  21 kobolds
  6 rats
163 creatures vanquished.

Vanquished Creatures (collateral kills)
  An orc knight (Bailey)
1 creature vanquished.

Grand Total: 164 creatures vanquished

Table legend:
 A = Non-vault XP
 B = Vault XP
 C = Vault XP percentage of total XP
 D = Non-vault monster count
 E = Vault monster count
 F = Vault count percentage of total count
                 A         B        C        D         E       F
            +---------+---------+-------+---------+---------+-------
      Total |    4258 |    1196 |  21.9 |     126 |      38 |  23.2
            +---------+---------+-------+---------+---------+-------
        D:1 |      33 |       0 |   0.0 |      19 |       0 |   0.0
        D:2 |      15 |      17 |  53.1 |       8 |       3 |  27.3
        D:3 |      99 |      17 |  14.7 |      19 |       7 |  26.9
        D:4 |     386 |       0 |   0.0 |      19 |       0 |   0.0
        D:5 |    1295 |     286 |  18.1 |      19 |       1 |   5.0
        D:7 |     922 |       0 |   0.0 |      18 |       0 |   0.0
        D:8 |     579 |       0 |   0.0 |       9 |       0 |   0.0
        D:9 |     929 |       8 |   0.9 |      15 |       4 |  21.1
     Bailey |       0 |     868 | 100.0 |       0 |      23 | 100.0
            +---------+---------+-------+---------+---------+-------

Illustrated notes

Table legend:
 A = Kills in this place as a percentage of kills in entire the game.
 B = Kills by you in this place as a percentage of kills by you in the entire game.
 C = Kills by friends in this place as a percentage of kills by friends in the entire game.
 D = Other kills in this place as a percentage of other kills in the entire game.
 E = Experience gained in this place as a percentage of experience gained in the entire game.
 F = Experience gained in this place divided by the number of levels of this place that you have seen.
                   A       B       C       D       E      F
               +-------+-------+-------+-------+-------+----------------------
         Total | 100.0 | 100.0 | 100.0 |   N/A | 100.0 | 545.4
       Dungeon |  86.0 |  86.5 |   0.0 |   N/A |  84.1 | 573.2
        Bailey |  14.0 |  13.5 | 100.0 |   N/A |  15.9 | 868.0
               +-------+-------+-------+-------+-------+----------------------

Table legend: (Time is in decaauts)
 A = Elapsed time spent in this place.
 B = Non-inter-level travel time spent in this place.
 C = Inter-level travel time spent in this place.
 D = Time resting spent in this place.
 E = Time spent auto-exploring this place.
 F = Levels seen in this place.
 G = Mean time per level.
                   A        B        C        D        E       F      G
               +--------+--------+--------+--------+--------+-----+--------+
         Total |   9373 |   9006 |    367 |    932 |   6766 |  10 |  937.3 |
       Dungeon |   8703 |   8367 |    336 |    898 |   6388 |   8 | 1087.9 |
        Temple |    126 |     95 |     31 |      0 |     88 |   1 |  126.0 |
        Bailey |    543 |    543 |      0 |     34 |    289 |   1 |  543.0 |
               +--------+--------+--------+--------+--------+-----+--------+

Top non-repeatable levels by time:
     D:4: 1535 daAuts
     D:8: 1421 daAuts
     D:3: 1355 daAuts
     D:7: 1154 daAuts
     D:1: 1032 daAuts
     D:2: 1025 daAuts
     D:5: 835 daAuts
  Bailey: 543 daAuts
     D:9: 343 daAuts
  Temple: 126 daAuts
